 Dungeon Crawl Stone Soup version 0.21-a0-352-g5b8f553 (webtiles) character file.

15 tidbits the Grave Robber (level 2, 0/11 HPs)
             Began as a Felid Necromancer on Oct 10, 2017.
             Was an Initiate of Makhleb.
             Killed from afar by p0werm0de's ghost (6 damage)
             ... with a magic dart
             ... on level 5 of the Dungeon.
             The game lasted 00:04:16 (484 turns).

tidbits the Grave Robber (Felid Necromancer)         Turns: 484, Time: 00:04:17

Health: 0/11       AC:  1    Str:  4    XL:     2   Next: 34%
Magic:  6/6        EV: 18    Int: 16    God:    Makhleb [......]
Gold:   48         SH:  0    Dex: 16    Spells: 3/5 levels left
                                        Lives:  0   Deaths: 0

rFire    . . .     SeeInvis +     - Unarmed
rCold    . . .     Gourm    .   (shield unavailable)
rNeg     . . .     Faith    .   (armour unavailable)
rPois    .         Spirit   .   (helmet unavailable)
rElec    .         Reflect  .   (cloak unavailable)
rCorr    .         Harm     .   (gloves unavailable)
MR       .....                  (boots unavailable)
Stlth    +++.......             e - amulet of magic regeneration
HPRegen  0.03/turn              (no ring)
MPRegen  0.35/turn              (no ring)

@: quick
A: no armour, no weapons or thrown items, stealth, claws 1, fangs 3, see
invisible, carnivore 3, speed 1, shaggy fur 1, slow metabolism 1, sharp paws
a: Renounce Religion


You were on level 5 of the Dungeon.
You worshipped Makhleb.
Makhleb was noncommittal.
You were not hungry.

You visited 1 branch of the dungeon, and saw 5 of its levels.

You collected 48 gold pieces.

Inventory:

Jewellery
 e - an amulet of magic regeneration (around neck)
   (You found it on level 5 of the Dungeon)
 k - a +5 amulet of reflection
   (You found it on level 3 of the Dungeon)
Wands
 p - a wand of disintegration (14/24)
Scrolls
 d - a scroll of enchant weapon
 h - a scroll of amnesia {unknown}
 l - a scroll of recharging {unknown}
 m - a scroll of enchant armour {unknown}
Potions
 c - a potion of flight {unknown}
 f - 2 potions of lignification
 g - a potion of haste {unknown}
 n - a potion of brilliance {unknown}
Books
 a - a book of Necromancy

   Spells                             Type                      Level
   a - Pain                           Necromancy                   1
   b - Animate Skeleton               Necromancy                   1
   c - Vampiric Draining              Necromancy                   3
   d - Regeneration                   Charms/Necromancy            3
   e - Animate Dead                   Necromancy                   4
   f - Control Undead                 Necromancy                   4
Comestibles
 b - a meat ration
 j - a royal jelly
 o - a chunk of flesh


   Skills:
 - Level 2.7 Dodging
 - Level 2.7 Stealth
 + Level 1.9 Unarmed Combat
 - Level 2.0 Spellcasting
 - Level 4.0 Necromancy


You had 3 spell levels left.
You knew the following spells:

 Your Spells              Type           Power        Failure   Level  Hunger
a - Pain                  Necr           ##..         4%          1    #......
n - Animate Skeleton      Necr           N/A          4%          1    #......


Dungeon Overview and Level Annotations

Branches:
Dungeon (5/15)
 Temple: D:4-7

Altars:
Makhleb

Annotations:
D:5 p0werm0de's ghost, novice GnWz


Innate Abilities, Weirdness & Mutations

You cannot wear armour.
You are incapable of wielding weapons or throwing items.
Your paws allow you to move quietly. (Stealth)
You have sharp claws.
You have razor-sharp teeth.
You have supernaturally acute eyesight. (SInv)
You are carnivorous and can eat meat at any time.
You cover ground quickly.
You are covered in fur. (AC +1)
You have a slow metabolism.
Your sharp claws are effective at attacking unaware monsters.


Message History

Press: ? - help, Shift-Dir - straight line, f/p - ooze
Aim: an ooze (heavily wounded, chance to defeat MR: 72%)
The ooze writhes in agony!
The ooze barely misses you.
Casting: Pain
Confirm with . or Enter, or press ? or * to list all spells.
You don't have enough magic to cast that spell.
Casting: Pain
Confirm with . or Enter, or press ? or * to list all spells.
Aiming: Pain
Press: ? - help, Shift-Dir - straight line, f/p - ooze
Aim: an ooze (severely wounded, chance to defeat MR: 72%)
The ooze writhes in agony!
There is an open door here.
The ooze jiggles.
You close the door.
There is a stone staircase leading up here.
You climb upwards.
There is a stone staircase leading down here.
The jackal barks!
There is a stone staircase leading down here.
You climb downwards.
There is a stone staircase leading up here.
Found a dark potion.
Found a stone staircase leading down.
n - a dark potion
There is a stone staircase leading down here.
It was a potion of heal wounds.
You feel much better.
You climb downwards.
A quokka comes into view.
There is a stone staircase leading up here.
Okay, then.
Casting: Pain
Confirm with . or Enter, or press ? or * to list all spells.
Aiming: Pain
Press: ? - help, Shift-Dir - straight line, f - quokka
Aim: a quokka (chance to defeat MR: 85%)
The quokka writhes in agony!
You kill the quokka!
Found 14 gold pieces.
You see here a quokka corpse.
Casting: Pain
Confirm with . or Enter, or press ? or * to list all spells.
You attempt to give life to the dead...
Before your eyes, flesh is ripped from the corpse!
The dead are hopping!
o - a chunk of flesh
Found a stone staircase leading down.
You now have 40 gold pieces (gained 14).
Found 4 gold pieces.
There is a stone staircase leading down here.
You climb downwards.
Your mindless thrall stays behind.
Found a dented zirconium amulet and 8 gold pieces.
There is a stone staircase leading up here.
P0werm0de's ghost (novice Gnoll Wizard) comes into view.
It is wielding a weapon of chaos.
e - a dented zirconium amulet You now have 48 gold pieces (gained 8).
Put on which piece of jewellery? (? for menu, Esc to quit)
You remove your +5 amulet of reflection.
You sense that the amulet cannot attune itself to your exhausted body.
e - an amulet of magic regeneration (around neck)
Found a bronze wand.
Found a stone staircase leading down.
You open the door.
Found a burning altar of Makhleb.
There is an open door here.
There is a burning altar of Makhleb here.
You sit before the altar of Makhleb.
Makhleb welcomes you! As you open the door, it creaks loudly!
There is an open door here.
p - a wand of disintegration (?/24)
As you read the scroll labeled XIALYR MIQAO, it crumbles to dust.
It is a scroll of identify.
p - a wand of disintegration (16/24)
As you read the scroll of identify, it crumbles to dust.
d - a scroll of enchant weapon
Press: ? - help, . - travel You can't see that place.
Found a dark potion.
Your amulet attunes itself to your body and you begin to regenerate magic more quickly.
There is a stone staircase leading down here.
Evoke which item? (* to show all) (? for menu, Esc to quit)
Aiming: Disintegrate
Press: ? - help, Shift-Dir - straight line, f - p0werm0de's ghost
Aim: p0werm0de's ghost, wielding a weapon of chaos (hasn't noticed you, chance to defeat MR: 42%) P0werm0de's ghost turns its malevolent gaze towards you.
P0werm0de's ghost resists with some effort.
This wand has 15 charges left.
P0werm0de's ghost casts a spell at you. The magic dart hits you!
Evoke which item? (* to show all) (? for menu, Esc to quit)
Aiming: Disintegrate
Press: ? - help, Shift-Dir - straight line, f/p - p0werm0de's ghost
Aim: p0werm0de's ghost, wielding a weapon of chaos (chance to defeat MR: 42%) P0werm0de's ghost resists with some effort.
This wand has 14 charges left.
P0werm0de's ghost gestures at you while chanting.
The magic dart hits you!
Ouch! That really hurt!
You die...

... ..## #..# #..##
#...######
######...#....#
.W.........##.######
###..@.####......#
#..!...>.........#
..............#'#..#
######.#####..+_+ .#
........#..#'#..#
###. #.<#......# #.
#..#......# #.
#..#.###### #..#.#


You could see p0werm0de's ghost.

Vanquished Creatures
  2 giant cockroaches (D:2)
  A jackal (D:2)
  2 kobolds (D:2)
  3 quokkas
  A ball python (D:2)
  2 goblins (D:3)
  3 rats
14 creatures vanquished.

Notes
Turn   | Place    | Note
-------+----------+-------------------------------------------
     0 | D:1      | tidbits the Felid Necromancer began the quest for the Orb.
     0 | D:1      | Reached XP level 1. HP: 7/7 MP: 4/4
    92 | D:2      | Reached skill level 1 in Unarmed Combat
   182 | D:2      | Learned a level 1 spell: Animate Skeleton
   233 | D:2      | Reached XP level 2. HP: 2/11 MP: 4/6
   450 | D:5      | Entered Level 5 of the Dungeon
   452 | D:5      | Noticed p0werm0de's ghost (novice GnWz)
   466 | D:5      | Found a burning altar of Makhleb.
   469 | D:5      | Became a worshipper of Makhleb the Destroyer
   484 | D:5      | Killed from afar by p0werm0de's ghost

Vault maps used:
D:1:      minmay_arrival_shattered_statue
D:2:      kennysheep_the_goblin_king, nicolae_dithmenos_through_a_glass_darkly,
          kennysheep_generic_room_11
D:3:      uniq_natasha, uniq_sigmund
D:4:      minmay_temple_entry_trees, first_bread, serial_shops,
          nicolae_shop_overgrown_old_shop
D:5:      kennysheep_mini_moat, minitemple, roderic_lattice_a

Skill      XL: |  1 |
---------------+----+-----
Unarmed Combat | 1 |  1.9
Dodging        | |  2.7
Stealth        | |  2.7
Spellcasting   | |  2.0
Necromancy     | |  4.0

Action                   || total
-------------------------++-------
Melee: Unarmed           ||     6
 Cast: Pain              ||    26
       Animate Skeleton  ||     1
Evoke: Wand              ||     2
  Use: Potion            ||     2
       Scroll            ||     2
  Eat: Chunk             ||     2
Armor: Skin              ||     5
Dodge: Dodged            ||     4

Table legend:
 A = Spawn XP
 B = Non-spawn XP
 C = Spawn XP percentage of total XP
 D = Spawn monster count
 E = Non-spawn monster count
 F = Spawn count percentage of total count
 G = Total turns spent on level
                    A         B        C        D         E        F      G
               +---------+---------+-------+---------+---------+-------+---------
         Total |       0 |      22 |   0.0 |       0 |      14 |   0.0 |   484
               +---------+---------+-------+---------+---------+-------+---------
           D:2 |       0 |      16 |   0.0 |       0 |      10 |   0.0 |   280
           D:3 |       0 |       4 |   0.0 |       0 |       3 |   0.0 |   104
           D:4 |       0 |       2 |   0.0 |       0 |       1 |   0.0 |    27
               +---------+---------+-------+---------+---------+-------+---------

Table legend:
 A = Turns spent in this place as a percentage of turns spent in the entire game.
 B = Non-inter-level travel turns spent in this place as a percentage of non-inter-level travel turns spent in the entire game.
 C = Inter-level travel turns spent in this place as a percentage of turns spent in this place.
 D = Turns resting spent in this place as a percentage of non-inter-level travel turns spent in this place.
 E = Turns spent auto-exploring this place as a percentage of non-inter-level travel turns spent in this place.
 F = Non-inter-level travel turns spent in this place divided by the number of levels of this place that you've seen.
                   A       B       C       D       E      F
               +-------+-------+-------+-------+-------+----------------------
         Total | 100.0 | 100.0 |   0.0 |   0.0 |   0.0 |  96.8
       Dungeon | 100.0 | 100.0 |   0.0 |   0.0 |   0.0 |  96.8
               +-------+-------+-------+-------+-------+----------------------

Table legend:
 A = Kills in this place as a percentage of kills in entire the game.
 B = Kills by you in this place as a percentage of kills by you in the entire game.
 C = Kills by friends in this place as a percentage of kills by friends in the entire game.
 D = Other kills in this place as a percentage of other kills in the entire game.
 E = Experience gained in this place as a percentage of experience gained in the entire game.
 F = Experience gained in this place divided by the number of levels of this place that you have seen.
                   A       B       C       D       E      F
               +-------+-------+-------+-------+-------+----------------------
         Total | 100.0 | 100.0 |   N/A |   N/A | 100.0 |   4.4
       Dungeon | 100.0 | 100.0 |   N/A |   N/A | 100.0 |   4.4
               +-------+-------+-------+-------+-------+----------------------

Vault maps used:
D:1:      minmay_arrival_shattered_statue
D:2:      kennysheep_the_goblin_king, nicolae_dithmenos_through_a_glass_darkly,
          kennysheep_generic_room_11
D:3:      uniq_natasha, uniq_sigmund
D:4:      minmay_temple_entry_trees, first_bread, serial_shops,
          nicolae_shop_overgrown_old_shop
D:5:      kennysheep_mini_moat, minitemple, roderic_lattice_a
